 Dungeon Sprint DCSS version 0.19-a0-459-gb8ed64d (webtiles) character file.

7 Kidiri the Firebug (level 2, -6/17 HPs)
             Began as a Gargoyle Fire Elementalist on June 2, 2016.
             Was an Initiate of Vehumet.
             Shot with a bolt by a yaktaur (23 damage)
             ... in the Dungeon (Sprint V: "Ziggurat Sprint").
             The game lasted 00:01:10 (87 turns).

Kidiri the Firebug (Gargoyle Fire Elementalist)       Turns: 87, Time: 00:01:10

Health: -6/17      AC:  4    Str: 11    XL:     2   Next: 0%
Magic:  6/6        EV: 12    Int: 27    God:    Vehumet [......]
Gold:   0          SH:  7    Dex: 10    Spells: 2 memorised, 4 levels left

rFire  . . .     SeeInvis .     y - +5 demon whip
rCold  . . .     Gourm    .     a - +0 robe
rNeg   + . .     Faith    .     z - +3 buckler
rPois  ∞         Spirit   .     (no helmet)
rElec  +         Dismiss  .     (no cloak)
rCorr  .         Reflect  .     (no gloves)
SustAt .         Harm     .     (no boots)
MR     .....     NoTele   +     (no amulet)
Stlth  ++........               B - +6 ring of intelligence
                                A - +6 ring of intelligence

@: not resistant to hostile enchantments, unstealthy
A: negative energy resistance 1, electricity resistance, unbreathing,
petrification resistance, rot immunity, AC +2
a: Renounce Religion


You were in the Dungeon.
You worshipped Vehumet.
Vehumet was noncommittal.
You were not hungry.

You visited 1 branch

Inventory:

Hand Weapons
 y - a +5 demon whip (weapon)
Armour
 a - a +0 robe (worn)
 z - a +3 buckler (worn)
 C - a +3 large shield
 D - a +3 shield
Jewellery
 A - a +6 ring of intelligence (left hand)
 B - a +6 ring of intelligence (right hand)
Wands
 E - a wand of disintegration (7/24)
 F - a wand of iceblast (5/15)
 G - a wand of lightning (5/15)
 H - a wand of acid (5/15)
Scrolls
 i - 4 scrolls of blinking
 p - 4 scrolls of amnesia
 q - 3 scrolls of recharging
 r - 7 scrolls of fog
 s - a scroll of holy word
 t - 5 scrolls of identify
 u - 5 scrolls of remove curse
 v - 2 scrolls of fear
Potions
 d - 10 potions of curing
 e - 10 potions of heal wounds
 f - 6 potions of haste
 g - 7 potions of magic
 h - 3 potions of berserk rage
 j - 2 potions of brilliance
 k - 2 potions of invisibility
 l - 4 potions of resistance
 n - 5 potions of agility
 o - 5 potions of might
Books
 b - a book of Flames

   Spells                             Type                      Level
   a - Flame Tongue                   Conjuration/Fire             1
   b - Throw Flame                    Conjuration/Fire             2
   c - Conjure Flame                  Conjuration/Fire             3
   d - Inner Flame                    Hexes/Fire                   3
   e - Sticky Flame                   Conjuration/Fire             4
   f - Fireball                       Conjuration/Fire             5
Comestibles
 c - 5 bread rations
 w - 42 fruits
 x - 4 meat rations


   Skills:
 + Level 2.2 Fighting
 + Level 1.8 Maces & Flails
 + Level 2.0 Armour
 + Level 2.1 Dodging
 - Level 2.1 Stealth
 + Level 2.1 Shields
 * Level 3.2 Spellcasting
 * Level 3.3 Conjurations
 * Level 4.2 Fire Magic
 + Level 1.5 Evocations


You had 4 spell levels left.
You knew the following spells:

 Your Spells              Type           Power        Failure   Level  Hunger
a - Flame Tongue          Conj/Fire      ###..        2%          1    None
b - Throw Flame           Conj/Fire      ###...       3%          2    #......


Dungeon Overview and Level Annotations

Branches:
Dungeon (1/1)

Altars:
Ashenzari
Cheibriados
Dithmenos
Elyvilon
Fedhas
Gozag
Hepliaklqana
Kikubaaqudgha
Makhleb
Nemelex Xobeh
Okawaru
Pakellas
Qazlal
Ru
Sif Muna
Trog
Uskayaw
Vehumet
Xom
Yredelemnul
Zin
The Shining One
Beogh
Jiyva
Lugonu


Innate Abilities, Weirdness & Mutations

You are resistant to torment.
Your stone body is resilient. (AC +2)
You are immune to poison.
You resist negative energy. (rN+)
You are resistant to electric shocks. (rElec)
You can survive without breathing.
You are immune to petrification.
You are immune to rotting.


Message History

Your Shields skill gained 2 levels and is now at level 2!
Your Spellcasting skill increases to level 3!
Your Conjurations skill gained 2 levels and is now at level 3!
Your Fire Magic skill increases to level 4!
Your Evocations skill increases to level 1!
You have reached level 2!
Unknown command.
Unknown command.
Memorise Throw Flame, consuming 2 spell levels and leaving 4?
You start memorising the spell.
You continue memorising. x2
You finish memorising.
Spell assigned to 'b'.
You start resting.
Magic restored.
Unknown command.
Your surroundings seem different!
Welcome to arena 1.
A centaur and a yaktaur come into view.
The centaur shouts!
The yaktaur shouts!
The yaktaur wields an arbalest.
The yaktaur shoots a bolt.
The bolt hits you!!
Ouch! That really hurt!
You die...

▓▓▓▓▓▓▓
▓.8©8.▓
▓.....▓
▓.[.c.▓
▓..c..▓
▓.....▓
▓..@..▓
▓▓▓▓▓▓▓


You could see a yaktaur and a centaur.

Vanquished Creatures (others)
  Crazy Yiuf (D)
1 creature vanquished.

Notes
Turn   | Place    | Note
--------------------------------------------------------------
     0 | D        | Kidiri the Gargoyle Fire Elementalist began the quest for the Orb.
     0 | D        | Reached XP level 1. HP: 10/10 MP: 3/3
     0 | D        | Found a blossoming altar of Fedhas.
     0 | D        | Found a snail-covered altar of Cheibriados.
     0 | D        | Found a viscous altar of Jiyva.
     0 | D        | Found a roughly hewn altar of Beogh.
     0 | D        | Found a corrupted altar of Lugonu.
     1 | D        | Found a white marble altar of Elyvilon.
     1 | D        | Found a shimmering altar of Xom.
     3 | D        | Found a deep blue altar of Sif Muna.
     3 | D        | Found a burning altar of Makhleb.
     3 | D        | Found a bloodstained altar of Trog.
     3 | D        | Found an iron altar of Okawaru.
     3 | D        | Found a sparkling altar of Nemelex Xobeh.
     3 | D        | Found a radiant altar of Vehumet.
     3 | D        | Killed Crazy Yiuf
    59 | D        | Became a worshipper of Vehumet
    60 | D        | Reached skill level 1 in Maces & Flails
    60 | D        | Reached skill level 4 in Fire Magic
    60 | D        | Reached skill level 1 in Evocations
    60 | D        | Reached XP level 2. HP: 17/17 MP: 4/6
    64 | D        | Learned a level 2 spell: Throw Flame
    87 | D        | Entered arena 1.
    87 | D        | Noticed a centaur
    87 | D        | Noticed a yaktaur
    87 | D        | Shot with a bolt by a yaktaur

Vault maps used:
D:        sprint_v

Skill      XL: |  1 |
---------------+----+-----
Fighting       | 2 |  2.2
Maces & Flails | 1 |  1.8
Armour         | 2 |  2.0
Dodging        | 2 |  2.1
Shields        | 2 |  2.1
Spellcasting   | 3 |  3.2
Conjurations   | 3 |  3.3
Fire Magic     | 4 |  4.2
Evocations     | 1 |  1.5
Stealth        | |  2.1

Action                   || total
-------------------------++-------
  Use: Potion            ||     1
